 Dungeon Crawl Stone Soup version 0.17.0-26-gececa24 (webtiles) character file.

147 graki42 the Insei (level 5, 0/45 HPs)
             Began as a Naga Transmuter on Nov 20, 2015.
             Slain by asdu's ghost (8 damage)
             ... on level 3 of the Dungeon.
             The game lasted 00:07:47 (3068 turns).

graki42 the Insei (Naga Transmuter)                 Turns: 3068, Time: 00:07:47

Health: 0/45       AC:  3    Str: 12    XL:     5   Next: 29%
Magic:  1/8        EV: 10    Int: 13    God:
Gold:   137        SH:  0    Dex: 13    Spells: 3 memorised, 2 levels left

rFire  . . .     SeeInvis +       - Unarmed
rCold  . . .     Clarity  .     b - +0 robe
rNeg   . . .     SustAt   .     (no shield)
rPois  +         Gourm    .     (no helmet)
rElec  .         Spirit   .     l - +0 cloak
rCorr  .         Warding  .     (no gloves)
rMut   .         Stasis   .     (no barding)
MR     .....                    (no amulet)
Stlth  +.........               (no ring)
                                (no ring)

@: appendage (expiring), very slightly contaminated, very slow, not resistant to
hostile enchantments, very unstealthy
A: horns 2, see invisible, deformed body, poison resistance, slowness 2, slow
metabolism 1, spit poison 2, AC +1
a: Spit Poison, End Transformation


You were on level 3 of the Dungeon.
You were near starving.
You had grown temporary horns.
You visited 1 branch of the dungeon, and saw 3 of its levels.

You collected 137 gold pieces.

Inventory:

Hand Weapons
 t - a +0 dagger of venom
Missiles
 a - 53 arrows
 w - 9 arrows of frost
Armour
 b - a +0 robe (worn)
 l - a +0 cloak (worn)
Scrolls
 f - 3 scrolls of identify {unknown}
 j - a scroll of magic mapping {unknown}
 m - a scroll of amnesia {unknown}
 o - 2 scrolls of remove curse {unknown}
 p - a scroll of enchant weapon {unknown}
 q - a scroll of fog {unknown}
 r - a scroll of blinking {unknown}
 v - a scroll of teleportation {unknown}
Potions
 e - a potion of haste {unknown}
 g - a potion of cancellation {unknown}
 h - a potion of mutation {unknown}
 i - a potion of agility {unknown}
 k - a potion of lignification {unknown}
 n - a potion of might {unknown}
 s - a potion of heal wounds {unknown}
 u - a potion of cure mutation {unknown}
Books
 c - a book of Changes

   Spells                             Type                      Level
   a - Beastly Appendage              Transmutation                1
   b - Sticks to Snakes               Transmutation                2
   c - Spider Form                    Transmutation/Poison         3
   d - Ice Form                       Ice/Transmutation            4
   e - Blade Hands                    Transmutation                5
Comestibles
 d - a bread ration


   Skills:
 + Level 2.1 Fighting
 + Level 2.2 Dodging
 * Level 4.0 Unarmed Combat
 + Level 2.3 Spellcasting
 * Level 3.0 Transmutations
 * Level 0.6 Poison Magic


You had 2 spell levels left.
You knew the following spells:

 Your Spells              Type           Power        Failure   Level  Hunger
a - Beastly Appendage     Trmt           #.....       10%         1    #......
b - Spider Form           Trmt/Pois      #.........   38%         3    ###....
c - Sticks to Snakes      Trmt           #.........   12%         2    ###....


Dungeon Overview and Level Annotations

Branches:
Dungeon (3/15)

Altars:
Okawaru

Annotations:
D:3 asdu's ghost, amateur OgSk


Innate Abilities, Weirdness & Mutations

You cannot wear boots.
Your serpentine skin is tough (AC +1).
You have supernaturally acute eyesight.
Armour fits poorly on your strangely shaped body.
Your system is resistant to poisons.
You cover ground very slowly.
You have a slow metabolism.
You can spit poison.
You have a pair of horns on your head.


Message History

Casting: Beastly Appendage
Confirm with . or Enter, or press ? or * to list all spells.
You miscast Spider Form.
You are very lightly contaminated with residual magic.
Nothing appears to happen.
Asdu's ghost hits you!
Casting: Spider Form
Confirm with . or Enter, or press ? or * to list all spells.
You create a snake!
Asdu's ghost hits you.
You swap places.
Asdu's ghost hits your adder!
Your adder dies!
Asdu's ghost says, "I have seen your future, and it is all used up."
Your transformation is almost over.
Asdu's ghost hits you!
* * * LOW HITPOINT WARNING * * *
Casting: Sticks to Snakes
Confirm with . or Enter, or press ? or * to list all spells.
You create a snake!
You are near starving!
Asdu's ghost hits you!
You die...

#####.......####'################
..#.....######.....##....##......
#.#.....######.....##.##.##.#####
#.#......))........'...#.##.#
#.#.....#####......##..#....#
#.##.....# #.......#..###### ##
#.##..<..# #######.#..##### #.
..##.....# #######.#......#####.
####.....# #.oW@.S.#..........#.
........## #g############.###.#.
######### #)# ##.###.#


og# #......# ..(. #...#..# ..... #.#.#.># ....... #.#.#..# ........ #.#....#.
.......... #.#....#. You could see asdu's ghost, an orc, a hobgoblin and a
friendly ball python.

Vanquished Creatures
  2 orc wizards (D:3)
  3 adders
  2 oozes
  3 worms
  6 orcs (D:3)
  A ball python (D:1)
  7 bats
  A giant cockroach (D:3)
  6 goblins
  2 hobgoblins
  4 jackals (D:2)
  4 giant newts
  4 kobolds
  3 rats
48 creatures vanquished.

Notes
Turn   | Place    | Note
--------------------------------------------------------------
     0 | D:1      | graki42 the Naga Transmuter began the quest for the Orb.
     0 | D:1      | Reached XP level 1. HP: 18/18 MP: 3/3
   418 | D:1      | Reached XP level 2. HP: 11/25 MP: 3/5
  1432 | D:2      | Reached XP level 3. HP: 6/31 MP: 4/6
  1733 | D:2      | Learned a level 3 spell: Spider Form
  1736 | D:2      | Learned a level 2 spell: Sticks to Snakes
  2342 | D:3      | Reached XP level 4. HP: 20/39 MP: 3/7
  2770 | D:3      | Reached skill level 4 in Unarmed Combat
  2770 | D:3      | Reached XP level 5. HP: 31/45 MP: 2/8
  2891 | D:3      | Found an iron altar of Okawaru.
  3048 | D:3      | Noticed asdu's ghost (amateur OgSk)
  3068 | D:3      | Slain by asdu's ghost

Action                   |  1- 3 |  4- 6 || total
-------------------------+-------+-------++-------
Melee: Unarmed           |   129 |    47 ||   176
 Cast: Beastly Appendage |    27 |     9 ||    36
       Spider Form       |     1 |     2 ||     3
       Sticks to Snakes  |       |     3 ||     3
  Eat: Chunk             |     4 |     1 ||     5
